 Dungeon Crawl Stone Soup version 0.25-a0-631-gc915619 (webtiles) character file.

Game seed: 17880934884717692019, levelgen mode: deterministic

11858 Faca the Fighter (level 12, -18/100 HPs)
             Began as a Human Fighter on Mar 18, 2020.
             Was a Priest of Okawaru.
             Killed from afar by an ice statue (19 damage)
             ... with a freezing blast
             ... in an ice cave.
             The game lasted 00:25:42 (12016 turns).

Faca the Fighter (Human Fighter)                   Turns: 12016, Time: 00:25:43

Health: -18/100    AC: 15    Str: 20    XL:     12   Next: 13%
Magic:  11/12      EV:  7    Int: 11    God:    Okawaru [***...]
Gold:   970        SH: 12    Dex: 12    Spells: 11/11 levels left

rFire    . . .     SeeInvis .   o - +2 falchion (vorpal)
rCold    . . .     Gourm    .   c - +1 kite shield
rNeg     . . .     Faith    .   n - +0 chain mail {rPois}
rPois    +         Spirit   .   C - +0 helmet
rElec    .         Reflect  .   i - +0 cloak
rCorr    .         Harm     .   (no gloves)
MR       .....                  B - +0 pair of boots
Stlth    ..........             (no amulet)
HPRegen  0.26/turn              l - +1 ring of evasion
MPRegen  0.13/turn              p - +1 ring of slaying

@: no status effects
A: no striking features
a: Heroism, Renounce Religion


You were in an ice cave.
You worshipped Okawaru.
Okawaru was most pleased with you.
You were not hungry.

You visited 2 branches of the dungeon, and saw 12 of its levels.
You also visited: Ossuary and Ice Cave.

You collected 970 gold pieces.

Inventory:

Hand Weapons
 o - a +2 vorpal falchion (weapon)
 s - a +0 dagger of electrocution
 w - a +0 rapier
Missiles
 q - 15 boomerangs (quivered)
 F - 5 javelins
Armour
 b - +0 storm dragon scales
 c - a +1 kite shield (worn)
 i - a +0 cloak (worn)
 n - a +0 chain mail of poison resistance (worn)
 B - a +0 pair of boots (worn)
 C - a +0 helmet (worn)
Jewellery
 l - a +1 ring of evasion (left hand)
 p - a +1 ring of slaying (right hand)
 I - a cursed amulet of inaccuracy {unknown}
Wands
 a - a wand of enslavement (10)
 m - a wand of scattershot (7)
 r - a wand of disintegration (6)
 u - a wand of polymorph (7)
 v - a wand of flame (47)
 y - a wand of random effects (15)
 G - a wand of iceblast (4)
 K - a wand of paralysis (6)
 L - a wand of digging (10)
Scrolls
 j - 6 scrolls of teleportation
 x - 6 scrolls of remove curse
 z - 2 scrolls of fog
 E - a scroll of enchant armour
Potions
 d - 2 potions of might
 e - 5 potions of curing
 g - 3 potions of heal wounds
 h - 2 potions of berserk rage
 k - 2 potions of flight
 t - 3 potions of lignification
 A - 2 potions of resistance
 D - a potion of cancellation {unknown}
 H - 2 potions of mutation {unknown}
Comestibles
 f - 28 rations
 J - 5 chunks of flesh


   Skills:
 + Level 11.1 Fighting
 + Level 10.9 Long Blades
 + Level 8.8 Armour
 + Level 8.8 Shields


You had 11 spell levels left.
You didn't know any spells.
Your spell library contained the following spells:

 Spells                   Type           Power        Failure   Level  Hunger
 Beastly Appendage        Tmut           #.....       99%         1    ##.....
 Infusion                 Chrm           #...         99%         1    ##.....
 Shroud of Golubria       Chrm/Tloc      #.....       100%        2    ###....
 Song of Slaying          Chrm           #.......     100%        2    ###....
 Sticks to Snakes         Tmut           #.......     100%        2    ###....
 Ozocubu's Armour         Chrm/Ice       #.......     100%        3    ####...
 Spectral Weapon          Hex/Chrm       #.......     100%        3    ####...
 Spider Form              Tmut/Pois      #.........   100%        3    ####...
 Ice Form                 Ice/Tmut       #.......     100%        4    #####..
 Blade Hands              Tmut           #.........   100%        5    ######.
 Bolt of Magma            Conj/Fire/Erth #.........   100%        5    ######.
 Iskenderun's Battlesphe  Conj/Chrm      #.......     100%        5    ######.
 Iron Shot                Conj/Erth      #.........   100%        6    #######
 Orb of Destruction       Conj           #.........   100%        7    #######
 Spellforged Servitor     Conj/Summ      #.........   100%        7    #######


Dungeon Overview and Level Annotations

Branches:
Dungeon (11/15)            Temple (1/1) D:7            Lair (0/6) D:10
Ossuary (visited)           IceCv (1/1)
    Orc: D:9-12

Altars:
Ashenzari
Cheibriados
Dithmenos
Elyvilon
Fedhas
Gozag
Hepliaklqana
Kikubaaqudgha
Makhleb
Nemelex Xobeh
Okawaru
Qazlal
Ru
Sif Muna
Trog
Uskayaw
Wu Jian
Xom
Yredelemnul
The Shining One

Shops:
D:5 *   D:11 *

Annotations:
IceCv exclusion: 2 ice statues


Message History

The ice beast freezes you!
You hit the ice statue.
The ice statue is severely damaged.
You are engulfed in freezing vapours.
* * * LOW HITPOINT WARNING * * *
You block the ice beast's attack. The ice beast hits you.
* * * LOW HITPOINT WARNING * * *
The ice beast freezes you!
* * * LOW HITPOINT WARNING * * *
The ice beast hits you but does no damage. x2
You block the ice beast's attack.
The ice beast hits you but does no damage.
Okay, then.
You hit the ice statue but do no damage.
The ice statue is severely damaged.
You are engulfed in freezing vapours.
* * * LOW HITPOINT WARNING * * *
The ice statue gestures at you. The freezing blast engulfs you!!
You die...

§☼§○## #.≈°..## ####
8......# ##..######
##......# #....##..##
###...≈...#
..........###.........##
.∩.∩.......#...○.......#
.......##....##YYY.....#
#....#####..####@Y.....#
##..## #### #8YY☼...##
#### ####.#.## ## #


You could see 2 ice statues and 6 ice beasts.

Vanquished Creatures
  A two-headed ogre (D:10)
  An unseen horror (D:10)
  A deep elf mage (D:10)
  Prince Ribbit (D:5)
  3 hippogriffs
  Eustachio (D:4)
  2 wyverns
  2 hungry ghosts
  Edmund (D:4)
  Duvessa (D:5)
  A black bear (D:9)
  An orc warrior (D:7)
  3 sky beasts
  A hornet zombie (D:10)
  An ice beast (D:5)
  Purgy (D:4)
  A phantom (D:6)
  4 ogres
  A necrophage (D:5)
  3 centaurs
  2 crocodiles (D:10)
  3 big kobolds
  6 bullfrogs
  Blork the orc (D:5)
  A wyvern zombie (D:9)
  Dowan (D:5)
  3 scorpions
  4 killer bees (D:9)
  6 wights
  2 howler monkeys
  3 crimson imps
  A bullfrog zombie (D:7)
  A bullfrog skeleton (D:9)
  7 hounds
  8 orc priests
  A human skeleton (D:6)
  4 jellies
  3 centaur skeletons
  An iguana (D:6)
  6 orc wizards
  8 worker ants
  3 hound skeletons
  8 mummies (Ossuary)
  7 gnolls
  12 adders
  2 white imps (IceCv)
  2 ufetubi (IceCv)
  An ooze (D:1)
  5 worms
  8 leopard geckos
  38 orcs
  4 ball pythons
  8 bats
  2 giant cockroaches
  2 gnoll zombies (Ossuary)
  5 hobgoblins
  12 jackals
  14 kobolds
  4 quokkas
  5 frilled lizards
  7 goblins
  3 hobgoblin zombies (Ossuary)
  2 jackal zombies (D:5)
  A kobold zombie (Ossuary)
  7 orc zombies
  A quokka zombie (D:9)
  9 rats
275 creatures vanquished.

Vanquished Creatures (others)
  4 white imps (IceCv)
  4 ufetubi (IceCv)
8 creatures vanquished.

Grand Total: 283 creatures vanquished

Notes
Turn   | Place    | Note
-------+----------+-------------------------------------------
     0 | D:1      | Faca the Human Fighter began the quest for the Orb.
     0 | D:1      | Reached XP level 1. HP: 18/18 MP: 1/1
    90 | D:1      | Reached XP level 2. HP: 17/24 MP: 2/2
   249 | D:1      | Reached XP level 3. HP: 11/29 MP: 3/3
   866 | D:2      | Found a faded altar of an unknown god.
  1012 | D:2      | Reached XP level 4. HP: 30/37 MP: 4/4
  1018 | D:2      | Reached skill level 4 in Fighting
  1401 | D:2      | Found a glowing golden altar of the Shining One.
  1402 | D:2      | Found a stormy altar of Qazlal.
  1458 | D:2      | Found a snail-covered altar of Cheibriados.
  1460 | D:2      | Found a shimmering blue altar of Sif Muna.
  1789 | D:2      | Noticed a moth of wrath
  1792 | D:2      | Found a bloodstained altar of Trog.
  2107 | D:3      | Reached XP level 5. HP: 42/42 MP: 5/5
  2215 | D:3      | Found an ornate altar of the Wu Jian Council.
  2851 | D:3      | Reached XP level 6. HP: 50/50 MP: 6/6
  2957 | D:4      | Reached skill level 5 in Fighting
  3188 | D:4      | Found a blossoming altar of Fedhas.
  3292 | D:4      | Found a white marble altar of Elyvilon.
  3320 | D:4      | Noticed an ogre
  3327 | D:4      | Killed an ogre
  3327 | D:4      | Reached skill level 5 in Long Blades
  3512 | D:4      | Reached XP level 7. HP: 55/56 MP: 7/7
  3568 | D:4      | Noticed Edmund
  3599 | D:4      | Killed Edmund
  3760 | D:4      | Found an opulent altar of Gozag.
  3760 | D:4      | Found a sparkling altar of Nemelex Xobeh.
  3790 | D:4      | Noticed Purgy
  3804 | D:4      | Killed Purgy
  3804 | D:4      | Reached skill level 6 in Fighting
  4116 | D:4      | Noticed Eustachio
  4123 | D:4      | Killed Eustachio
  4123 | D:4      | Reached XP level 8. HP: 65/65 MP: 8/8
  4332 | D:5      | Entered Level 5 of the Dungeon
  4354 | D:5      | Found a basalt altar of Yredelemnul.
  4361 | D:5      | Noticed Blork the orc
  4382 | D:5      | Killed Blork the orc
  4382 | D:5      | Reached skill level 7 in Fighting
  4675 | D:5      | Found a sacrificial altar of Ru.
  4700 | D:5      | Noticed Dowan
  4700 | D:5      | Noticed Duvessa
  4723 | D:5      | Killed Duvessa
  4727 | D:5      | Killed Dowan
  4928 | D:5      | Found Petrak's Mass Market.
  5048 | D:5      | Noticed Prince Ribbit
  5065 | D:5      | Killed Prince Ribbit
  5065 | D:5      | Reached skill level 8 in Fighting
  5065 | D:5      | Reached XP level 9. HP: 43/72 MP: 9/9
  5852 | D:6      | Found a sand-covered staircase.
  5875 | Ossuary  | Entered an ossuary
  6333 | D:6      | Reached skill level 9 in Fighting
  7614 | D:7      | Found a staircase to the Ecumenical Temple.
  7622 | D:7      | Noticed a hippogriff
  7627 | Temple   | Entered the Ecumenical Temple
  7645 | Temple   | Became a worshipper of Warmaster Okawaru
  7671 | D:7      | Killed a hippogriff
  7671 | D:7      | Reached XP level 10. HP: 74/82 MP: 10/10
  7894 | D:7      | Reached skill level 10 in Fighting
  8542 | D:7      | Reached skill level 10 in Long Blades
  9091 | D:8      | Found a hide-covered altar of Uskayaw.
  9104 | D:8      | Reached * piety under Okawaru
  9229 | D:8      | Reached XP level 11. HP: 91/92 MP: 11/11
  9336 | D:8      | Found a hazy altar of Hepliaklqana.
  9703 | D:9      | Reached ** piety under Okawaru
 10750 | D:10     | Entered Level 10 of the Dungeon
 10789 | D:10     | Noticed a deep elf mage
 10815 | D:10     | Killed a deep elf mage
 10927 | D:10     | Found a staircase to the Lair.
 10971 | D:10     | Noticed a two-headed ogre
 10983 | D:10     | Killed a two-headed ogre
 10983 | D:10     | Reached *** piety under Okawaru
 11125 | D:10     | Reached skill level 11 in Fighting
 11239 | D:10     | Reached XP level 12. HP: 91/100 MP: 12/12
 11482 | D:10     | Killed an unseen horror
 11805 | D:11     | Found Usaq's Assorted Antiques.
 11839 | D:11     | Found a frozen archway.
 11854 | IceCv    | Entered an ice cave
 12016 | IceCv    | HP: 1/100 [ice statue] (6)]
 12016 | IceCv    | Killed from afar by an ice statue

Levels and vault maps discovered:
D:1:      scummos_arrival_simple_fountains, layout_basic
D:2:      layout_loops_cross, tgw_trog, gammafunk_temple_overflow_pools,
          grunt_temple_overflow_open, chequers_ecumenical_altar_simple,
          first_ration
D:3:      layout_loops_corners, old_standard_altar
D:4:      layout_loops_corners, grunt_temple_overflow_opulence,
          elyvilon_altar_5, fedhas_altar_2, minmay_box_of_dots, uniq_edmund,
          uniq_eustachio, uniq_purgy
D:5:      layout_loops_cross, nicolae_overflow_hidden_temple,
          yredelemnul_altar_generic, minmay_shop_mass, uniq_duvessa,
          uniq_prince_ribbit1, uniq_blork_the_orc
D:6:      layout_basic, nicolae_ossuary_entry_catacombs
D:7:      layout_basic, minmay_temple_entry_offerings
D:8:      minmay_general_purpose_star, layout_gridville, lemuel_round_altar,
          blue_anna_alchemist [blue_anna_fruit_fields, blue_anna_fruit_fields],
          lemuel_tele_altar
D:9:      layout_loops_ring
D:10:     layout_cave_pods, lair_entry_dummy, kennysheep_dice
D:11:     layout_small_grid, portal_ice_cave_entry_pillars_1, serial_shops,
          shop, nicolae_shop_overgrown_old_shop, nicolae_shop_trees,
          nicolae_shop_statue_plus, nooodl_orcs_dogs, uniq_sonja
Temple:   compressed_dpeg_triangle_lava_temple
IceCv:    ice_cave_small_demon

Skill      XL: |  1  2  3  4  5  6  7  8  9 10 11 |
---------------+----------------------------------+-----
Long Blades    | 3 4 5 6 7 9 10 | 10.9
Fighting       | 4 5 6 8 9 10 11 | 11.1
Armour         | 7 8 |  8.8
Shields        | 7 8 |  8.8

Action                   |  1- 3 |  4- 6 |  7- 9 | 10-12 || total
-------------------------+-------+-------+-------+-------++-------
Melee: Long sword        |   113 |    72 |       |       ||   185
       Falchion          |       |   110 |   384 |   510 ||  1004
       Unarmed           |       |       |     2 |       ||     2
Throw: Boomerang         |       |       |       |     4 ||     4
Invok: Heroism           |       |       |       |     2 ||     2
Evoke: Wand              |       |       |     4 |     2 ||     6
  Use: Scroll            |     2 |     2 |     7 |     7 ||    18
       Potion            |       |       |     2 |     3 ||     5
  Eat: Chunk             |       |     5 |     9 |    20 ||    34
       Ration            |       |     1 |     1 |       ||     2
Armor: Scale mail        |    74 |    59 |     8 |       ||   141
       Chain mail        |       |       |   142 |   239 ||   381
Dodge: Dodged            |    46 |    74 |    67 |   124 ||   311
Block: Kite shield       |    72 |    67 |   168 |   292 ||   599
       Rpst.: Long sword |    13 |    10 |       |       ||    23
       Falchion          |       |    15 |    22 |    41 ||    78

Table legend:
 A = Non-vault XP
 B = Vault XP
 C = Vault XP percentage of total XP
 D = Non-vault monster count
 E = Vault monster count
 F = Vault count percentage of total count
                 A         B        C        D         E       F
            +---------+---------+-------+---------+---------+-------
      Total |    9787 |    1917 |  16.4 |     228 |      47 |  17.1
            +---------+---------+-------+---------+---------+-------
        D:1 |      41 |       0 |   0.0 |      21 |       0 |   0.0
        D:2 |      76 |      10 |  11.6 |      12 |       5 |  29.4
        D:3 |     145 |       0 |   0.0 |      35 |       0 |   0.0
        D:4 |     251 |     499 |  66.5 |      15 |       5 |  25.0
        D:5 |     579 |     604 |  51.1 |      19 |       4 |  17.4
        D:6 |    1339 |      47 |   3.4 |      32 |       6 |  15.8
        D:7 |    1093 |       0 |   0.0 |      23 |       0 |   0.0
        D:8 |     744 |     301 |  28.8 |      14 |       5 |  26.3
        D:9 |    2250 |       0 |   0.0 |      41 |       0 |   0.0
       D:10 |    3048 |     270 |   8.1 |      14 |       2 |  12.5
       D:11 |     221 |       0 |   0.0 |       2 |       0 |   0.0
    Ossuary |       0 |     148 | 100.0 |       0 |      16 | 100.0
      IceCv |       0 |      38 | 100.0 |       0 |       4 | 100.0
            +---------+---------+-------+---------+---------+-------
